[ AOE2 MATCH · #505952631 ]
UnrankedBurgundians vs Muisca
Player's team · WIN
Rival team · LOSS
[ REPLAY ANALYSIS · EXTRACTED FROM THE RECORDED GAME ]
Feudal
9:53
Castle
22:33
Imperial
37:05
| APM avg | 40.2 |
| APM peak | 82 |
| eAPM avg | 22.7 |
| Villagers / military | 129 / 171 |
Focus
⚔️ 41.2% · 🌾 58.8%
Knight ×70 · Skirmisher ×45 · Scout Cavalry ×37 · Bombard Cannon ×6 · Archer ×4 · Scorpion ×3
Feudal
11:36
Castle
18:55
Imperial
40:26
| APM avg | 35.7 |
| APM peak | 73 |
| eAPM avg | 17.7 |
| Villagers / military | 135 / 78 |
Focus
⚔️ 37.2% · 🌾 62.8%
Archer ×70 · Unknown (2586) ×24 · Unknown (2550) ×5 · Skirmisher ×3 · Petard ×2 · Monk ×1
Match map
Initial resources + every placement click. Lines = walls · curves = elevation contours. ◆ gold · ⬟ stone · ● berries · ✦ relic · ◌ wall gap
Your base· ✓ Closed at 22:33 · 10t walls · 1 gate(s)
niksu's base· Open — 3t gap
Smoothed initial terrain · ◌ = detected wall gap · hover for details
Inputs per minute
— sirbone - - niksu
Build order — sirbone
First 150 of 441 actions detected
| 0:00 | Queue | Villager (Male) |
| 0:01 | Queue | Villager (Male) |
| 0:01 | Queue | Villager (Male) |
| 0:02 | Build | House |
| 0:05 | Build | House |
| 0:09 | Queue | Villager (Male) |
| 1:26 | Queue | Villager (Male) |
| 1:55 | Build | Lumber Camp |
| 1:56 | Queue | Villager (Male) |
| 2:10 | Queue | Villager (Male) |
| 2:25 | Queue | Villager (Male) |
| 2:49 | Queue | Villager (Male) |
| 2:57 | Research | Double-Bit Axe |
| 3:02 | Research | Loom |
| 3:25 | Queue | Villager (Male) |
| 3:25 | Queue | Villager (Male) |
| 3:49 | Queue | Villager (Male) |
| 4:01 | Build | House |
| 4:02 | Build | House |
| 4:07 | Queue | Villager (Male) |
| 4:20 | Queue | Villager (Male) |
| 4:42 | Queue | Villager (Male) |
| 4:45 | Queue | Villager (Male) |
| 5:06 | Queue | Villager (Male) |
| 6:01 | Queue | Villager (Male) |
| 6:40 | Queue | Villager (Male) |
| 6:52 | Build | Mill |
| 7:09 | Queue | Villager (Male) |
| 7:43 | Research | Feudal Age |
| 8:11 | Build | House |
| 8:32 | Build | Barracks |
| 8:48 | Build | Palisade Wall |
| 8:56 | Build | Palisade Wall |
| 9:02 | Build | House |
| 9:03 | Build | Palisade Wall |
| 9:05 | Build | Palisade Wall |
| 9:31 | Build | Palisade Wall |
| 9:34 | Build | Palisade Wall |
| 9:36 | Build | Palisade Wall |
| 9:50 | Queue | Villager (Male) |
| 9:53 | Age | Feudal Age |
| 9:55 | Queue | Villager (Male) |
| 10:17 | Build | Archery Range |
| 10:26 | Queue | Villager (Male) |
| 10:39 | Queue | Villager (Male) |
| 10:43 | Research | Bow Saw |
| 11:04 | Queue | Archer |
| 11:36 | Build | Mining Camp |
| 11:39 | Queue | Villager (Male) |
| 11:47 | Queue | Skirmisher |
| 11:55 | Build | Palisade Wall |
| 11:59 | Build | Palisade Wall |
| 12:02 | Queue | Villager (Male) |
| 12:05 | Build | Palisade Wall |
| 12:06 | Queue | Villager (Male) |
| 12:27 | Research | Horse Collar |
| 12:33 | Queue | Archer |
| 12:34 | Queue | Villager (Male) |
| 12:40 | Queue | Villager (Male) |
| 12:50 | Research | Heavy Plow |
| 13:01 | Queue | Skirmisher |
| 13:02 | Queue | Villager (Male) |
| 13:31 | Queue | Villager (Male) |
| 13:36 | Queue | Villager (Male) |
| 13:41 | Build | Stable |
| 13:42 | Queue | Archer |
| 13:49 | Build | House |
| 13:54 | Research | Wheelbarrow |
| 14:00 | Build | Farm |
| 14:08 | Build | Farm |
| 14:11 | Queue | Villager (Male) |
| 14:20 | Queue | Villager (Male) |
| 14:22 | Build | Farm |
| 14:26 | Build | Farm |
| 14:35 | Build | Farm |
| 14:41 | Queue | Archer |
| 14:41 | Queue | Villager (Male) |
| 14:49 | Build | House |
| 14:51 | Build | House |
| 14:55 | Queue | Villager (Male) |
| 14:58 | Build | Farm |
| 15:00 | Build | Farm |
| 15:12 | Queue | Skirmisher |
| 15:19 | Queue | Scout Cavalry |
| 15:20 | Queue | Scout Cavalry |
| 15:21 | Queue | Scout Cavalry |
| 15:26 | Build | Farm |
| 15:28 | Build | Farm |
| 15:49 | Build | Blacksmith |
| 15:58 | Build | Farm |
| 15:58 | Queue | Villager (Male) |
| 16:19 | Build | Farm |
| 16:20 | Queue | Villager (Male) |
| 16:23 | Build | Farm |
| 16:29 | Build | Farm |
| 16:36 | Queue | Scout Cavalry |
| 16:41 | Queue | Flemish Militia |
| 16:41 | Queue | Villager (Male) |
| 16:44 | Build | Farm |
| 16:46 | Build | Farm |
| 16:59 | Queue | Flemish Militia |
| 17:13 | Queue | Skirmisher |
| 17:19 | Build | Farm |
| 17:21 | Queue | Villager (Male) |
| 17:23 | Build | Farm |
| 17:25 | Queue | Skirmisher |
| 17:31 | Research | Scale Mail Armor |
| 17:44 | Queue | Villager (Male) |
| 17:53 | Build | House |
| 17:57 | Queue | Flemish Militia |
| 18:09 | Research | Hand Cart |
| 18:18 | Build | Farm |
| 18:21 | Build | House |
| 18:22 | Build | House |
| 18:28 | Queue | Skirmisher |
| 18:30 | Research | Fletching |
| 18:55 | Build | House |
| 19:08 | Build | House |
| 19:09 | Build | House |
| 19:11 | Build | House |
| 19:12 | Build | House |
| 19:13 | Build | House |
| 19:53 | Research | Castle Age |
| 20:10 | Queue | Skirmisher |
| 20:10 | Queue | Skirmisher |
| 20:13 | Build | Archery Range |
| 20:22 | Research | Padded Archer Armor |
| 20:51 | Build | Market |
| 20:58 | Build | Palisade Gate |
| 21:01 | Queue | Skirmisher |
| 21:01 | Queue | Skirmisher |
| 21:29 | Queue | Skirmisher |
| 21:29 | Queue | Skirmisher |
| 21:46 | Research | Scale Barding Armor |
| 21:47 | Queue | Villager (Male) |
| 21:58 | Queue | Skirmisher |
| 21:59 | Queue | Skirmisher |
| 22:33 | Age | Castle Age |
| 22:36 | Build | Town Center |
| 22:39 | Queue | Skirmisher |
| 22:39 | Queue | Skirmisher |
| 22:54 | Queue | Knight |
| 23:08 | Build | Lumber Camp |
| 23:08 | Queue | Villager (Male) |
| 23:08 | Queue | Villager (Male) |
| 23:34 | Research | Elite Skirmisher (upgrade) |
| 23:38 | Queue | Villager (Male) |
| 23:38 | Queue | Villager (Male) |
| 23:38 | Queue | Villager (Male) |
| 23:44 | Queue | Villager (Male) |
Build order — niksu
First 150 of 404 actions detected
| 0:02 | Queue | Villager (Male) |
| 0:02 | Queue | Villager (Male) |
| 0:02 | Queue | Villager (Male) |
| 0:02 | Queue | Villager (Male) |
| 0:03 | Build | House |
| 0:06 | Build | House |
| 1:35 | Queue | Villager (Male) |
| 1:55 | Queue | Villager (Male) |
| 2:10 | Build | Settlement |
| 2:24 | Queue | Villager (Male) |
| 2:54 | Queue | Villager (Male) |
| 3:14 | Queue | Villager (Male) |
| 3:28 | Build | Farm |
| 3:46 | Queue | Villager (Male) |
| 3:56 | Queue | Villager (Male) |
| 4:33 | Queue | Villager (Male) |
| 4:45 | Build | Barracks |
| 4:50 | Build | House |
| 5:02 | Queue | Villager (Male) |
| 5:34 | Queue | Unit 2550 |
| 5:37 | Queue | Villager (Male) |
| 5:38 | Queue | Villager (Male) |
| 6:15 | Queue | Unit 2550 |
| 6:31 | Queue | Villager (Male) |
| 6:50 | Queue | Villager (Male) |
| 6:58 | Build | Settlement |
| 7:09 | Queue | Villager (Male) |
| 7:28 | Build | Farm |
| 7:45 | Queue | Villager (Male) |
| 7:59 | Queue | Villager (Male) |
| 8:00 | Queue | Villager (Male) |
| 8:03 | Queue | Villager (Male) |
| 8:04 | Research | Loom |
| 8:24 | Build | Farm |
| 8:44 | Research | Feudal Age |
| 9:29 | Queue | Villager (Male) |
| 9:39 | Build | Outpost |
| 9:46 | Build | Farm |
| 9:47 | Build | Farm |
| 10:22 | Build | Palisade Wall |
| 10:23 | Build | Palisade Wall |
| 10:24 | Build | Palisade Wall |
| 10:25 | Build | Palisade Wall |
| 10:29 | Build | Palisade Wall |
| 10:31 | Build | Palisade Wall |
| 10:32 | Build | Palisade Wall |
| 10:41 | Build | Palisade Wall |
| 10:42 | Build | Palisade Wall |
| 10:43 | Build | Palisade Wall |
| 10:45 | Build | Palisade Wall |
| 10:49 | Build | Palisade Wall |
| 10:50 | Build | Palisade Wall |
| 10:52 | Build | Palisade Wall |
| 10:55 | Build | Palisade Wall |
| 10:56 | Build | Palisade Wall |
| 11:36 | Age | Feudal Age |
| 11:51 | Build | Archery Range |
| 11:52 | Queue | Villager (Male) |
| 11:54 | Queue | Villager (Male) |
| 12:09 | Build | Blacksmith |
| 12:30 | Queue | Villager (Male) |
| 12:40 | Build | House |
| 12:44 | Queue | Skirmisher |
| 12:58 | Research | Padded Archer Armor |
| 13:03 | Queue | Villager (Male) |
| 13:08 | Research | Double-Bit Axe |
| 13:12 | Queue | Skirmisher |
| 13:28 | Build | Outpost |
| 13:29 | Queue | Unit 2550 |
| 13:38 | Build | House |
| 13:43 | Queue | Villager (Male) |
| 13:45 | Queue | Skirmisher |
| 13:47 | Queue | Archer |
| 13:47 | Queue | Archer |
| 13:55 | Queue | Villager (Male) |
| 14:02 | Build | Farm |
| 14:06 | Queue | Archer |
| 14:09 | Queue | Villager (Male) |
| 14:26 | Build | Outpost |
| 14:46 | Queue | Archer |
| 14:51 | Queue | Spearman |
| 14:57 | Queue | Villager (Male) |
| 15:01 | Build | Farm |
| 15:03 | Build | House |
| 15:31 | Build | Farm |
| 15:32 | Build | Farm |
| 15:33 | Queue | Villager (Male) |
| 15:43 | Queue | Archer |
| 16:03 | Research | Castle Age |
| 16:10 | Build | Archery Range |
| 16:13 | Queue | Archer |
| 16:13 | Queue | Archer |
| 16:38 | Queue | Archer |
| 16:42 | Build | House |
| 16:50 | Build | Farm |
| 16:59 | Queue | Villager (Male) |
| 17:02 | Queue | Archer |
| 17:15 | Research | Fletching |
| 17:25 | Build | Outpost |
| 17:43 | Queue | Archer |
| 17:44 | Queue | Archer |
| 17:45 | Queue | Villager (Male) |
| 17:49 | Build | House |
| 18:18 | Research | Town Watch |
| 18:20 | Queue | Archer |
| 18:20 | Queue | Archer |
| 18:37 | Queue | Archer |
| 18:55 | Age | Castle Age |
| 18:57 | Build | Market |
| 19:00 | Research | Bodkin Arrow |
| 19:09 | Build | Farm |
| 19:11 | Build | Farm |
| 19:15 | Research | Crossbowman (upgrade) |
| 19:24 | Build | Outpost |
| 19:36 | Queue | Villager (Male) |
| 19:43 | Build | Town Center |
| 20:25 | Queue | Archer |
| 20:25 | Queue | Archer |
| 20:43 | Queue | Villager (Male) |
| 20:44 | Queue | Archer |
| 20:44 | Queue | Archer |
| 21:06 | Queue | Villager (Male) |
| 21:22 | Build | Outpost |
| 21:23 | Queue | Villager (Male) |
| 21:24 | Queue | Archer |
| 21:24 | Queue | Archer |
| 21:25 | Queue | Villager (Male) |
| 21:25 | Queue | Villager (Male) |
| 21:36 | Queue | Archer |
| 21:36 | Queue | Archer |
| 21:38 | Queue | Villager (Male) |
| 21:48 | Research | Horse Collar |
| 21:56 | Research | Gold Mining |
| 21:57 | Queue | Villager (Male) |
| 22:02 | Queue | Archer |
| 22:03 | Queue | Archer |
| 22:14 | Build | Outpost |
| 22:26 | Build | House |
| 22:33 | Queue | Archer |
| 22:33 | Queue | Archer |
| 22:50 | Queue | Archer |
| 23:17 | Queue | Villager (Male) |
| 23:18 | Queue | Archer |
| 23:18 | Queue | Archer |
| 23:26 | Queue | Villager (Male) |
| 23:32 | Build | House |
| 23:32 | Build | House |
| 23:34 | Queue | Villager (Male) |
| 23:36 | Build | House |
| 23:36 | Build | House |
Match timeline
| 4:45 | niksu · first_building Barracks |
| 8:32 | sirbone · first_building Barracks |
| 8:48 | sirbone · wall_segment Palisade Wall x1 |
| 8:56 | sirbone · wall_segment Palisade Wall x1 |
| 9:03 | sirbone · wall_segment Palisade Wall x1 |
| 9:05 | sirbone · wall_segment Palisade Wall x1 |
| 9:31 | sirbone · wall_segment Palisade Wall x1 |
| 9:34 | sirbone · wall_segment Palisade Wall x1 |
| 9:36 | sirbone · wall_segment Palisade Wall x1 |
| 9:53 | sirbone · age_up feudal |
| 10:17 | sirbone · first_building Archery Range |
| 10:22 | niksu · wall_segment Palisade Wall x1 |
| 10:23 | niksu · wall_segment Palisade Wall x1 |
| 10:24 | niksu · wall_segment Palisade Wall x1 |
| 10:25 | niksu · wall_segment Palisade Wall x1 |
| 10:29 | niksu · wall_segment Palisade Wall x1 |
| 10:31 | niksu · wall_segment Palisade Wall x1 |
| 10:32 | niksu · wall_segment Palisade Wall x1 |
| 10:41 | niksu · wall_segment Palisade Wall x1 |
| 10:42 | niksu · wall_segment Palisade Wall x1 |
| 10:43 | niksu · wall_segment Palisade Wall x1 |
| 10:45 | niksu · wall_segment Palisade Wall x1 |
| 10:49 | niksu · wall_segment Palisade Wall x1 |
| 10:50 | niksu · wall_segment Palisade Wall x1 |
| 10:52 | niksu · wall_segment Palisade Wall x1 |
| 10:55 | niksu · wall_segment Palisade Wall x1 |
| 10:56 | niksu · wall_segment Palisade Wall x1 |
| 11:36 | niksu · age_up feudal |
| 11:51 | niksu · first_building Archery Range |
| 11:55 | sirbone · wall_segment Palisade Wall x1 |
| 11:59 | sirbone · wall_segment Palisade Wall x2 |
| 12:05 | sirbone · wall_segment Palisade Wall x1 |
| 13:41 | sirbone · first_building Stable |
| 18:55 | niksu · age_up castle |
| 21:52 | niksu · first_market_sell 100 wood |
| 21:53 | niksu · first_market_buy 100 food |
| 22:33 | sirbone · age_up castle |
| 22:51 | sirbone · first_market_sell 100 food |
| 24:36 | sirbone · first_building Monastery |
| 28:30 | sirbone · first_building Siege Workshop |
| 30:37 | niksu · first_building Monastery |
| 32:37 | niksu · first_building Castle |
| 35:32 | niksu · wall_segment Stone Wall x1 |
| 35:40 | niksu · wall_segment Stone Wall x1 |
| 35:57 | niksu · wall_segment Stone Wall x1 |
| 37:05 | sirbone · age_up imperial |
| 38:22 | sirbone · first_building Castle |
| 40:26 | niksu · age_up imperial |
| 44:49 | niksu · wall_segment Stone Wall x1 |
| 45:41 | niksu · resign |
[ AI ANALYSIS · 1 CREDIT ]
What really happened in this match?
Wolo.gg analyzes every decision: build order, eco, micro, common mistakes by bracket. Personalized analysis on WhatsApp or Discord in 30 seconds.
Civ guide
Burgundians
Perfil
sirbone